 Dungeon Crawl Stone Soup version 0.19.0-18-g426998a (webtiles) character file.

63 Delusion the Sneak (level 4, -1/28 HPs)
             Began as an Octopode Transmuter on Nov 11, 2016.
             Was an Initiate of Cheibriados.
             Slain by a gnoll (6 damage)
             ... on level 3 of the Dungeon on Nov 12, 2016.
             The game lasted 00:07:40 (2367 turns).

Delusion the Sneak (Octopode Transmuter)            Turns: 2367, Time: 00:07:41

Health: -1/28      AC:  1    Str: 10    XL:     4   Next: 10%
Magic:  7/7        EV: 13    Int: 16    God:    Cheibriados [......]
Gold:   164        SH:  0    Dex: 14    Spells: 2 memorised, 3 levels left

rFire  . . .     SeeInvis .       - Unarmed
rCold  . . .     Gourm    .     (no shield)
rNeg   . . .     Faith    .     (helmet restricted)
rPois  .         Spirit   .     (no amulet)
rElec  .         Reflect  .     (no ring)
rCorr  .         Harm     .     (no ring)
MR     .....                    (no ring)
Stlth  ++++......               (no ring)
                                (no ring)
                                (no ring)
                                (no ring)
                                (no ring)

@: very slow
A: almost no armour, stealthy swim, amphibious, 8 rings, constrict 8, camouflage
1, gelatinous body 1
a: Bend Time, Renounce Religion


You were on level 3 of the Dungeon.
You worshipped Cheibriados.
Cheibriados was noncommittal.
You were not hungry.

You visited 1 branch of the dungeon, and saw 3 of its levels.

You collected 164 gold pieces.

Inventory:

Missiles
 a - 12 arrows
Jewellery
 p - an uncursed ring of positive energy {unknown}
Scrolls
 e - a scroll of amnesia {unknown}
 f - a scroll of recharging {unknown}
 j - 2 scrolls of enchant armour {unknown}
 k - 4 scrolls of identify {unknown}
 o - a scroll of fear {unknown}
Potions
 g - a potion of degeneration {unknown}
 i - a potion of ambrosia {unknown}
 l - a potion of beneficial mutation {unknown}
 q - a potion of resistance {unknown}
Books
 b - a book of Changes

   Spells                             Type                      Level
   a - Beastly Appendage              Transmutation                1
   b - Sticks to Snakes               Transmutation                2
   c - Spider Form                    Transmutation/Poison         3
   d - Ice Form                       Ice/Transmutation            4
   e - Blade Hands                    Transmutation                5
Comestibles
 c - 2 bread rations
 d - 2 fruits
 h - a beef jerky
 m - a meat ration
 n - 2 chunks of flesh


   Skills:
 - Level 1.0 Fighting
 - Level 2.0 Dodging
 - Level 4.0 Stealth
 + Level 3.7 Unarmed Combat
 - Level 2.0 Spellcasting
 - Level 2.0 Transmutations


You had 3 spell levels left.
You knew the following spells:

 Your Spells              Type           Power        Failure   Level  Hunger
a - Beastly Appendage     Tmut           #.....       10%         1    #......
b - Spider Form           Tmut/Pois      #.........   38%         3    ###....


Dungeon Overview and Level Annotations

Branches:
Dungeon (3/15)

Altars:
Ashenzari
Cheibriados


Innate Abilities, Weirdness & Mutations

You cannot wear most types of armour.
You are very stealthy in the water. (Stealth+)
You are amphibious.
You can wear up to eight rings at the same time.
You can use your tentacles to constrict eight enemies at once.
Your skin changes colour to match your surroundings (Stealth+).
Your rubbery body absorbs attacks. (AC +1, EV +1)


Message History

There is a stone staircase leading up here.
Some of the chunks of flesh in your inventory have rotted away.
There is a stone staircase leading down here.
You climb downwards.
A rat and 3 gnolls come into view.
There is a stone staircase leading up here.
The gnoll shouts!
The gnoll shouts!
You tentacle-slap the rat.
You kill the rat!
Cheibriados thoroughly appreciates the change of pace.
The gnoll hits you from afar with a spear.
The gnoll closely misses you. The gnoll hits you! The gnoll closely misses you.
You barely miss the gnoll. You grab the gnoll.
You constrict the gnoll, but do no damage.
The gnoll hits you! The gnoll barely misses you.
The gnoll hits you from afar with a spear.
* * * LOW HITPOINT WARNING * * *
You release your grip on the gnoll.
The gnoll hits you.
You die...

##### ....
##..######
#.........
#.#####.....#
.......gg...#
.#####@.g..#
#.†...#
###.### .# ..
... ###. .#


You could see 3 gnolls.

Vanquished Creatures
  2 adders (D:2)
  An ooze (D:1)
  A dart slug (D:2)
  A leopard gecko (D:1)
  3 bats
  2 giant cockroaches (D:2)
  7 goblins
  5 hobgoblins
  3 jackals (D:1)
  A kobold (D:1)
  4 frilled lizards
  5 rats
35 creatures vanquished.

Notes
Turn   | Place    | Note
-------+----------+-------------------------------------------
     0 | D:1      | Delusion the Octopode Transmuter began the quest for the Orb.
     0 | D:1      | Reached XP level 1. HP: 13/13 MP: 3/3
   200 | D:1      | Reached skill level 1 in Stealth
   304 | D:1      | Reached XP level 2. HP: 18/18 MP: 3/5
   307 | D:1      | Reached skill level 2 in Stealth
   543 | D:1      | Reached skill level 3 in Stealth
   921 | D:1      | Reached XP level 3. HP: 18/23 MP: 6/6
  1210 | D:2      | Learned a level 3 spell: Spider Form
  1223 | D:2      | Found a shattered altar of Ashenzari.
  1224 | D:2      | Found a snail-covered altar of Cheibriados.
  1247 | D:2      | Became a worshipper of Cheibriados the Contemplative
  1470 | D:2      | Reached skill level 4 in Stealth
  2065 | D:2      | Reached XP level 4. HP: 28/28 MP: 7/7
  2191 | D:2      | Found a faded altar of an unknown god.
  2367 | D:3      | Slain by a gnoll

Skill      XL: |  1  2  3 |
---------------+----------+-----
Stealth        | 1 3 4 |  4.0
Fighting       | |  1.0
Dodging        | |  2.0
Unarmed Combat | |  3.7
Spellcasting   | |  2.0
Transmutations | |  2.0

Action                   |  1- 3 |  4- 6 || total
-------------------------+-------+-------++-------
Melee: Unarmed           |    72 |     7 ||    79
       Constrict         |    19 |     3 ||    22
       Tentacles         |    10 |       ||    10
       Kick              |     6 |       ||     6
       Punch             |     1 |     1 ||     2
 Cast: Beastly Appendage |     6 |       ||     6
 Stab: Sleeping          |     9 |       ||     9
  Eat: Chunk             |     4 |     1 ||     5
Armor: Skin              |    10 |       ||    10
Dodge: Dodged            |    56 |     4 ||    60
